PBL
TIJUANA TOROS @ COLORADO AVALANCHE
08/19/2046
 
TOP OF THE 1ST
Tijuana Toros batting - Pitching for Colorado Avalanche : LHP Dan Ott
Pitching: LHP Dan Ott
Batting: RHB Jason Baldwin 0-0: Fly out, F7 (Flyball, 78S, EV 80.0 MPH)
Batting: RHB Makoto Narita 0-0: Ball
1-0: Foul Ball, location: 2F
1-1: Called Strike
1-2: Ball
2-2: Fly out, F7 (Flyball, 78M, EV 90.6 MPH)
Batting: RHB Bob Magana 0-0: Foul Ball, location: 2F
0-1: Ball
1-1: Fly out, F7 (Flyball, 78M, EV 80.6 MPH)
Top of the 1st over - 0 runs, 0 hits, 0 errors, 0 left on base; Tijuana 0 - Colorado 0
BOTTOM OF THE 1ST
Colorado Avalanche batting - Pitching for Tijuana Toros : RHP Loc Pham
Pitching: RHP Loc Pham
Batting: RHB Mike McElroy 0-0: Ball
1-0: Ball
2-0: Ball
3-0: Base on Balls
Batting: SHB Chris Besselman 0-0: Called Strike
0-1: Ball
1-1: Foul Ball, location: 2F
1-2: Fly out, F7 (Flyball, 7D, EV 90.0 MPH)
Batting: LHB Glenn Lowther 0-0: Ball
1-0: Swinging Strike
1-1: Fly out, F4 (Line Drive, 34, EV 73.1 MPH)
Batting: LHB Nick Rooney 0-0: Ball
Mike McElroy is caught stealing 2nd base 2-6
Bottom of the 1st over - 0 runs, 0 hits, 0 errors, 0 left on base; Tijuana 0 - Colorado 0
TOP OF THE 2ND
Tijuana Toros batting - Pitching for Colorado Avalanche : LHP Dan Ott
Batting: RHB Juan Gallegos 0-0: Ball
1-0: Ball
2-0: SINGLE (Flyball, 8RS, EV 95.0 MPH)
Batting: LHB Chris Buchan 0-0: Called Strike
0-1: Ground out 6-3 (Groundball, 4, EV 80.0 MPH)
Juan Gallegos to second
Batting: LHB Jim Jardine 0-0: Ball
1-0: Called Strike
1-1: Foul Ball, location: 2F
1-2: Ball
2-2: Ball
3-2: SINGLE (Line Drive, 9S, EV 93.1 MPH)
Juan Gallegos to third
Batting: LHB Pedro Garza 0-0: Ball
1-0: Called Strike
1-1: Ball
2-1: Ball
3-1: Grounds into double play, 4-6-3 (Groundball, 34, EV 105.0 MPH)
Top of the 2nd over - 0 runs, 2 hits, 0 errors, 1 left on base; Tijuana 0 - Colorado 0
BOTTOM OF THE 2ND
Colorado Avalanche batting - Pitching for Tijuana Toros : RHP Loc Pham
Batting: LHB Nick Rooney 0-0: Fly out, F8 (Flyball, 8RM, EV 73.8 MPH)
Batting: LHB Paul McClintock 0-0: Ball
1-0: Ball
2-0: Swinging Strike
2-1: Ball
3-1: Fly out, F7 (Line Drive, 7S, EV 91.9 MPH)
Batting: RHB Seisaburo Edagawa 0-0: Ball
1-0: Called Strike
1-1: Ball
2-1: Ground out 5-3 (Groundball, 56, EV 83.1 MPH)
Bottom of the 2nd over - 0 runs, 0 hits, 0 errors, 0 left on base; Tijuana 0 - Colorado 0
TOP OF THE 3RD
Tijuana Toros batting - Pitching for Colorado Avalanche : LHP Dan Ott
Batting: RHB Yok-sing Zhào 0-0: Foul Ball, location: 2F
0-1: Ball
1-1: Ball
2-1: Swinging Strike
2-2: Ball
3-2: Strikes out swinging
Batting: SHB Alex Noval 0-0: Swinging Strike
0-1: Foul Ball, location: 2F
0-2: Ball
1-2: Foul Ball, location: 2F
1-2: Foul Ball, location: 2F
1-2: Foul Ball, location: 2F
1-2: Strikes out looking
Batting: RHB Jason Baldwin 0-0: Ground out 5-3 (Groundball, 56S, EV 89.4 MPH)
Top of the 3rd over - 0 runs, 0 hits, 0 errors, 0 left on base; Tijuana 0 - Colorado 0
BOTTOM OF THE 3RD
Colorado Avalanche batting - Pitching for Tijuana Toros : RHP Loc Pham
Batting: LHB Mick Tucker 0-0: Called Strike
0-1: Called Strike
0-2: Ball
1-2: Ground out 3-1 (Groundball, 34, EV 86.2 MPH)
Batting: SHB Craig Ruzic 0-0: Ball
1-0: Foul Ball, location: 2F
1-1: Called Strike
1-2: Fly out, F9 (Line Drive, 9, EV 87.5 MPH)
Batting: LHB Jerry Santana 0-0: Called Strike
0-1: Ball
1-1: Swinging Strike
1-2: Strikes out swinging
Bottom of the 3rd over - 0 runs, 0 hits, 0 errors, 0 left on base; Tijuana 0 - Colorado 0
TOP OF THE 4TH
Tijuana Toros batting - Pitching for Colorado Avalanche : LHP Dan Ott
Batting: RHB Makoto Narita 0-0: Ball
1-0: Swinging Strike
1-1: Ball
2-1: Ground out 1-3 (Groundball, 15S, EV 68.1 MPH)
Batting: RHB Bob Magana 0-0: Foul Ball, location: 2F
0-1: Foul Ball, location: 2F
0-2: Ground out 6-3 (Groundball, 6, EV 88.8 MPH)
Batting: RHB Juan Gallegos 0-0: Ball
1-0: Foul Ball, location: 2F
1-1: Fly out, F8 (Flyball, 8LS, EV 86.9 MPH)
Top of the 4th over - 0 runs, 0 hits, 0 errors, 0 left on base; Tijuana 0 - Colorado 0
BOTTOM OF THE 4TH
Colorado Avalanche batting - Pitching for Tijuana Toros : RHP Loc Pham
Batting: RHB Mike McElroy 0-0: Ball
1-0: Foul Ball, location: 2F
1-1: Foul Ball, location: 2F
1-2: Ball
2-2: Foul Ball, location: 2F
2-2: Fly out, F8 (Line Drive, 8LD, EV 107.5 MPH)
Batting: SHB Chris Besselman 0-0: Called Strike
0-1: Foul Ball, location: 2F
0-2: Strikes out looking
Batting: LHB Glenn Lowther 0-0: Swinging Strike
0-1: Ground out 4-3 (Groundball, 4M, EV 105.0 MPH)
Bottom of the 4th over - 0 runs, 0 hits, 0 errors, 0 left on base; Tijuana 0 - Colorado 0
TOP OF THE 5TH
Tijuana Toros batting - Pitching for Colorado Avalanche : LHP Dan Ott
Batting: LHB Chris Buchan 0-0: SINGLE (Line Drive, 4D, EV 105.6 MPH)
Batting: LHB Jim Jardine 0-0: Called Strike
0-1: Ball
1-1: Swinging Strike
1-2: Strikes out swinging
Batting: LHB Pedro Garza 0-0: Called Strike
0-1: Foul Ball, location: 2F
0-2: Strikes out swinging
Batting: RHB Yok-sing Zhào 0-0: Called Strike
0-1: Ball
1-1: Fly out, F8 (Line Drive, 8RM, EV 92.5 MPH)
Top of the 5th over - 0 runs, 1 hit, 0 errors, 1 left on base; Tijuana 0 - Colorado 0
BOTTOM OF THE 5TH
Colorado Avalanche batting - Pitching for Tijuana Toros : RHP Loc Pham
Batting: LHB Nick Rooney 0-0: Ball
1-0: Ball
2-0: Ball
3-0: Base on Balls
Batting: LHB Paul McClintock 0-0: Ball
Wild Pitch!
Nick Rooney to second
1-0: Ball
2-0: DOUBLE (Flyball, 9LD, EV 108.1 MPH)
Nick Rooney scores
Batting: RHB Seisaburo Edagawa 0-0: Ball
1-0: Called Strike
1-1: Ground out 4-3 (Groundball, 4M, EV 88.8 MPH)
Paul McClintock to third
Batting: LHB Mick Tucker 0-0: Ball
1-0: Ball
2-0: Ball
3-0: Base on Balls
Batting: SHB Craig Ruzic 0-0: Ball
1-0: Ball
2-0: Swinging Strike
2-1: Ball
3-1: Fielders Choice at 2nd, 1-4 (Groundball, 25, EV 73.1 MPH)
Batting: LHB Jerry Santana 0-0: Ball
Craig Ruzic is caught stealing 2nd base 2-6
Bottom of the 5th over - 1 run, 1 hit, 0 errors, 1 left on base; Tijuana 0 - Colorado 1
TOP OF THE 6TH
Tijuana Toros batting - Pitching for Colorado Avalanche : LHP Dan Ott
Batting: SHB Alex Noval 0-0: Foul Ball, location: 2F
0-1: Called Strike
0-2: Foul Ball, location: 2F
0-2: Strikes out swinging
Batting: RHB Jason Baldwin 0-0: Ground out 4-3 (Groundball, 34, EV 87.5 MPH)
Batting: RHB Makoto Narita 0-0: Ball
1-0: Called Strike
1-1: SINGLE (Groundball, 6MD, EV 102.5 MPH)
Batting: RHB Bob Magana 0-0: Called Strike
0-1: Swinging Strike
0-2: Fly out, F9 (Flyball, 9S, EV 91.9 MPH)
Top of the 6th over - 0 runs, 1 hit, 0 errors, 1 left on base; Tijuana 0 - Colorado 1
BOTTOM OF THE 6TH
Colorado Avalanche batting - Pitching for Tijuana Toros : RHP Loc Pham
Batting: LHB Jerry Santana 0-0: Foul Ball, location: 2F
0-1: Ball
1-1: Swinging Strike
1-2: Ball
2-2: Ball
3-2: Strikes out swinging
Batting: RHB Mike McElroy 0-0: Foul Ball, location: 2F
0-1: Foul Ball, location: 2F
0-2: Ground out 5-3 (Groundball, 56, EV 87.5 MPH)
Batting: SHB Chris Besselman 0-0: Foul Ball, location: 2F
0-1: Swinging Strike
0-2: Ball
1-2: Strikes out swinging
Bottom of the 6th over - 0 runs, 0 hits, 0 errors, 0 left on base; Tijuana 0 - Colorado 1
TOP OF THE 7TH
Tijuana Toros batting - Pitching for Colorado Avalanche : LHP Dan Ott
Batting: RHB Juan Gallegos 0-0: Swinging Strike
0-1: Hit by Pitch
Batting: LHB Chris Buchan 0-0: Swinging Strike
0-1: Swinging Strike
0-2: Strikes out swinging
Pinch Hitting: RHB Djoka Subasic 0-0: Ball
1-0: Called Strike
1-1: Called Strike
1-2: Ball
2-2: Strikes out swinging
Batting: LHB Fernão Manta 0-0: Ball
1-0: Ball
2-0: SINGLE (Groundball, 15S, EV 55.0 MPH) (infield hit)
Juan Gallegos to second
Pinch Hitting: RHB David Watkins 0-0: Called Strike
0-1: Called Strike
0-2: Ball
1-2: Strikes out swinging
Top of the 7th over - 0 runs, 1 hit, 0 errors, 2 left on base; Tijuana 0 - Colorado 1
BOTTOM OF THE 7TH
Colorado Avalanche batting - Pitching for Tijuana Toros : RHP Loc Pham
Now at SS: Djoka Subasic
Now in LF: Tan-ming Kwan
Now in CF: Alex Noval
Batting: LHB Glenn Lowther 0-0: SINGLE (Groundball, 13, EV 88.8 MPH) (infield hit)
Batting: LHB Nick Rooney 0-0: Ball
1-0: Fly out, F9 (Flyball, 89S, EV 96.2 MPH)
Pitching: LHP Conor Bailey
Batting: LHB Paul McClintock 0-0: Called Strike
Glenn Lowther steals 2nd base (no throw)
0-1: Fly out, F9 (Flyball, 9, EV 83.1 MPH)
Batting: RHB Seisaburo Edagawa 0-0: Ball
1-0: Foul Ball, location: 2F
1-1: Foul Ball, location: 2F
1-2: Strikes out swinging
Bottom of the 7th over - 0 runs, 1 hit, 0 errors, 1 left on base; Tijuana 0 - Colorado 1
TOP OF THE 8TH
Tijuana Toros batting - Pitching for Colorado Avalanche : LHP Dan Ott
Now in LF: Nick Martin
Pinch Hitting: RHB Carlos Gonzalez 0-0: Ball
1-0: Ball
2-0: Foul Ball, location: 2F
2-1: Called Strike
2-2: Ball
3-2: DOUBLE (Flyball, 8LXD, EV 105.6 MPH)
Pitching: LHP Randy Rowland
Batting: RHB Jason Baldwin 0-0: Ball
1-0: Ball
2-0: Ball
3-0: Called Strike
3-1: Swinging Strike
3-2: Strikes out looking
Batting: RHB Makoto Narita 0-0: Ball
1-0: Ground out 4-3 (Groundball, 4, EV 85.6 MPH)
Carlos Gonzalez to third
Batting: RHB Bob Magana 0-0: Ball
1-0: Foul Ball, location: 2F
1-1: Foul Ball, location: 2F
1-2: Ball
2-2: Strikes out looking
Top of the 8th over - 0 runs, 1 hit, 0 errors, 1 left on base; Tijuana 0 - Colorado 1
BOTTOM OF THE 8TH
Colorado Avalanche batting - Pitching for Tijuana Toros : LHP Conor Bailey
Now in CF: Kekoa Kahele
Batting: SHB Brad Madden 0-0: Called Strike
0-1: Fly out, F8 (Flyball, 8LD, EV 90.0 MPH)
Batting: SHB Craig Ruzic 0-0: Called Strike
0-1: Swinging Strike
0-2: Fly out, F8 (Flyball, 8LD, EV 86.2 MPH)
Batting: LHB Jerry Santana 0-0: Ball
1-0: Ground out 3-1 (Groundball, 34, EV 78.8 MPH)
Bottom of the 8th over - 0 runs, 0 hits, 0 errors, 0 left on base; Tijuana 0 - Colorado 1
TOP OF THE 9TH
Tijuana Toros batting - Pitching for Colorado Avalanche : LHP Randy Rowland
Batting: RHB Juan Gallegos 0-0: Fly out, F7 (Line Drive, 7D, EV 103.1 MPH)
Batting: LHB Chris Buchan 0-0: Swinging Strike
0-1: Called Strike
0-2: Ball
1-2: Strikes out swinging
Batting: RHB Djoka Subasic 0-0: Called Strike
0-1: Ball
1-1: Ball
2-1: Swinging Strike
2-2: Strikes out swinging
Top of the 9th over - 0 runs, 0 hits, 0 errors, 0 left on base; Tijuana 0 - Colorado 1
Tuesday, September 13th , 2022 - OOTP Baseball 23.7 Build 88